 Dungeon Crawl Stone Soup version 0.28.0-49-g6dfe1f597d (webtiles) character file.

Game seed: 205626083445379209

23 H0rd4k the Charlatan (level 3, -2/26 HPs)
             Began as a Human Artificer on May 12, 2022.
             Killed from afar by Sigmund (8 damage)
             ... with a magic dart
             ... on level 2 of the Dungeon.
             The game lasted 00:00:56 (1388 turns).

H0rd4k the Charlatan (Human Artificer)              Turns: 1388, Time: 00:00:56

Health: -2/26      AC:  3    Str: 12    XL:     3   Next: 10%
Magic:  3/3        EV: 26    Int: 13    God:
Gold:   66         SH:  0    Dex: 19    Spells: 2/2 levels left

rFire   . . .      SeeInvis .   h - +1 whip (drain)
rCold   . . .      Faith    .   (no shield)
rNeg    . . .      Spirit   .   b - +0 leather armour
rPois   .          Reflect  .   (no helmet)
rElec   .          Harm     .   (no cloak)
rCorr   .          Rampage  .   (no gloves)
Will    .....                   (no boots)
Stlth   ++........              f - amulet of the acrobat
HPRegen 0.08/turn               k - +6 ring of dexterity
MPRegen 0.08/turn               (no ring)

@: acrobatic
A: no striking features
a: no special abilities


You were on level 2 of the Dungeon.
You visited 1 branch of the dungeon, and saw 2 of its levels.

You collected 66 gold pieces.

Inventory:

Hand Weapons
 a - a +0 club
 h - a +1 whip of draining (weapon)
Armour
 b - a +0 leather armour (worn)
Jewellery
 f - an amulet of the acrobat (around neck)
 k - a +6 ring of dexterity (left hand)
Wands
 c - a wand of flame (15) (quivered)
 d - a wand of charming (15)
Scrolls
 i - a scroll of blinking {unknown}
 j - 2 scrolls of identify {unknown}
Potions
 g - a potion of curing {unknown}
 l - a potion of might {unknown}
Miscellaneous
 e - a piece from Xom's chessboard (15/15)


   Skills:
 + Level 1.0 Fighting
 + Level 0.2 Maces & Flails
 + Level 2.3 Armour
 + Level 1.1 Dodging
 + Level 1.3 Stealth
 + Level 3.6 Evocations


You had 2 spell levels left.
You didn't know any spells.
Your spell library contained the following spells:

 Spells                   Type           Power      Damage    Failure   Level
 Blink                    Tloc           0%         N/A       52%         2
 Lesser Beckoning         Tloc           0%         N/A       75%         3
 Fireball                 Conj/Fire      0%         3d3       100%        5
 Manifold Assault         Tloc           0%         N/A       100%        5
 Starburst                Conj/Fire      0%         6d3       100%        6
 Ignition                 Fire           0%         3d3       100%        8


Dungeon Overview and Level Annotations

Branches:
Dungeon (2/15)

Altars:

Annotations:
D:2 Sigmund


Message History

You now have 59 gold pieces (gained 13).
You now have 66 gold pieces (gained 7).
You open the door.
There is an open door here.
As you open the door, it creaks loudly!
Sigmund the Dreaded comes into view.
He is wielding a +0 scythe.
Sigmund shouts!
Sigmund casts a spell.
Sigmund flickers and vanishes!
Deactivating autopickup; reactivate with Ctrl-A.
There is a strange disturbance nearby!
A puff of flame appears from out of thin air!
The puff of flame misses you.
You are confused.
You bump into the rock wall.
A magic dart appears from out of thin air!
The magic dart hits you.
You hear some strange, mumbled words.
You are more confused.
Something barely misses you. Something completely misses you.
Something closely misses you.
You feel less confused.
You hear some strange, mumbled words.
You are confused.
There is an open door here.
A magic dart appears from out of thin air!
The magic dart hits you.
You bump into the rock wall.
You hear some strange, mumbled words.
A magic dart appears from out of thin air!
The magic dart hits you!
You feel less confused. Something hits you.
* * * LOW HITPOINT WARNING * * *
You hear some strange, mumbled words.
Something tries to affect you, but you resist.
A magic dart appears from out of thin air!
The magic dart hits you!
You die...

###.... ......####### ..
#.......# ... #.#####.# #..
#.# #.# #.# #.#
#.#.########.# #.#
#.#........#.####
#.#####.########.#....#
#####.#.........@...{'....#
......#.....########.#....#
#####.#.....# ##+#....# #
######### ###.......# #
#.........####### #
#...............# #
#...............# #
###.............# #
##.......######.


There were no monsters in sight!

Vanquished Creatures
  An endoplasm (D:1)
  4 hobgoblins (D:1)
  4 jackals (D:1)
  2 quokkas (D:1)
  3 bats (D:1)
  2 frilled lizards (D:1)
  A goblin (D:1)
  2 kobolds (D:1)
19 creatures vanquished.

Notes
Turn   | Place    | Note
-------+----------+-------------------------------------------
     0 | D:1      | H0rd4k the Human Artificer began the quest for the Orb.
     0 | D:1      | Reached XP level 1. HP: 15/15 MP: 1/1
   424 | D:1      | Reached XP level 2. HP: 21/21 MP: 2/2
   950 | D:1      | Found a faded altar of an unknown god.
   977 | D:1      | Reached XP level 3. HP: 16/26 MP: 3/3
  1359 | D:2      | Noticed Sigmund
  1388 | D:2      | Killed from afar by Sigmund

Illustrated notes

Levels and vault maps discovered:
D:1:      ebering_hopf_link, layout_loops_cross,
          ebering_ecumenical_altar_petrified
D:2:      layout_basic, uniq_sigmund

Action                   || total
-------------------------++-------
Melee: Whip              ||    48
       Club              ||     8
       Punch             ||     1
 Stab: Sleeping          ||     3
Armor: Leather armour    ||    19
Dodge: Dodged            ||    29
